PCL
HOUSTON HAMMERTIME @ MILE HIGH BRONCOS
05/07/2028
 
TOP OF THE 1ST
Houston Hammertime batting - Pitching for Mile High Broncos : RHP Denny Green
Pitching: RHP Denny Green
Batting: SHB Carlos Córdova 0-0: Ball
1-0: Ball
2-0: Ball
3-0: Base on Balls
Batting: LHB Leonardo Medina 0-0: Called Strike
Throwing error on steal attempt, E2
Carlos Córdova to third
0-1: Fly out, F9 (Flyball, 9D)
Runner from 3rd tags up, SCORES, no throw
Batting: RHB José García 0-0: Ball
1-0: Ball
2-0: Ground out 4-3 (Groundball, 4)
Batting: RHB John Major 0-0: Ball
1-0: Ball
2-0: Called Strike
2-1: Swinging Strike
2-2: DOUBLE (Line Drive, 78D)
Batting: LHB Pat Jones 0-0: 2-RUN HOME RUN (Line Drive, 89XD), Distance : 398 ft
Batting: LHB António Camacho 0-0: Ball
1-0: Swinging Strike
1-1: Ball
2-1: Called Strike
2-2: Strikes out looking
Top of the 1st over - 3 run(s), 2 hit(s), 1 error(s), 0 left on base; Houston 3 - Mile High 0
BOTTOM OF THE 1ST
Mile High Broncos batting - Pitching for Houston Hammertime : RHP Máximo Marín
Pitching: RHP Máximo Marín
Batting: LHB Ernesto López 0-0: Foul Ball, location: 2F
0-1: Foul Ball, location: 2F
0-2: Ground out 4-3 (Groundball, 4D)
Batting: RHB Evan Robinson 0-0: Foul Ball, location: 2F
0-1: Ball
1-1: Swinging Strike
1-2: Ball
2-2: Strikes out swinging
Batting: LHB Mark Everett 0-0: Foul Ball, location: 2F
0-1: Fly out, F9 (Flyball, 9LMF)
Bottom of the 1st over - 0 run(s), 0 hit(s), 0 error(s), 0 left on base; Houston 3 - Mile High 0
TOP OF THE 2ND
Houston Hammertime batting - Pitching for Mile High Broncos : RHP Denny Green
Batting: RHB Pedro Meza 0-0: SINGLE (Line Drive, 8RS)
Batting: RHB David Hernández 0-0: Foul Ball, location: 2F
0-1: Ball
1-1: Grounds into double play, 6-4-3 (Groundball, 6)
Batting: RHB Victor Andrews 0-0: Swinging Strike
0-1: Ball
1-1: Ball
2-1: SINGLE (Groundball, 6MD)
Batting: SHB Carlos Córdova 0-0: Foul Ball, location: 2F
0-1: Called Strike
0-2: Foul Ball, location: 2F
0-2: Foul Ball, location: 2F
0-2: Ball
1-2: Ball
2-2: Foul Ball, location: 2F
2-2: Ball
3-2: SINGLE (Groundball, 23) (infield hit)
Victor Andrews to second
Batting: LHB Leonardo Medina 0-0: Ball
1-0: DOUBLE (Line Drive, 9LS)
Victor Andrews scores
Carlos Córdova to third
Runner from 3rd tries for Home, SAFE, no throw
Batting: RHB José García 0-0: Foul Ball, location: 2F
0-1: Foul Ball, location: 2F
0-2: Foul Ball, location: 2F
0-2: Foul Ball, location: 2F
0-2: Ball
1-2: Fly out, F8 (Flyball, 8RS)
Top of the 2nd over - 2 run(s), 4 hit(s), 0 error(s), 1 left on base; Houston 5 - Mile High 0
BOTTOM OF THE 2ND
Mile High Broncos batting - Pitching for Houston Hammertime : RHP Máximo Marín
Batting: LHB Dave Cook 0-0: Ball
1-0: Ball
2-0: Called Strike
2-1: Ball
3-1: Base on Balls
Batting: RHB Jeff Packard 0-0: Called Strike
0-1: Ball
1-1: Fly out, F8 (Flyball, 8LM)
Batting: RHB Luis Alvarado 0-0: Ball
1-0: Ball
2-0: Foul Ball, location: 2F
2-1: Called Strike
2-2: Foul Ball, location: 2F
2-2: Grounds into double play, 6-4-3 (Groundball, 6)
Bottom of the 2nd over - 0 run(s), 0 hit(s), 0 error(s), 0 left on base; Houston 5 - Mile High 0
TOP OF THE 3RD
Houston Hammertime batting - Pitching for Mile High Broncos : RHP Denny Green
Batting: RHB John Major 0-0: Ball
1-0: Ground out 1-3 (Groundball, P)
Batting: LHB Pat Jones 0-0: Ground out 6-3 (Groundball, 6)
Now at SS: Paco Martínez
Batting: LHB António Camacho 0-0: Ball
1-0: Called Strike
1-1: Ball
2-1: Foul Ball, location: 2F
2-2: Foul Ball, location: 2F
2-2: DOUBLE (Line Drive, 8LD)
Batting: RHB Pedro Meza 0-0: Called Strike
0-1: Foul Ball, location: 2F
0-2: Strikes out swinging
Top of the 3rd over - 0 run(s), 1 hit(s), 0 error(s), 1 left on base; Houston 5 - Mile High 0
BOTTOM OF THE 3RD
Mile High Broncos batting - Pitching for Houston Hammertime : RHP Máximo Marín
Batting: LHB Jesús González 0-0: Ball
1-0: Foul Ball, location: 2F
1-1: Ball
2-1: Ball
3-1: Fly out, F8 (Flyball, 89D)
Batting: RHB John Brown 0-0: Called Strike
0-1: Ball
1-1: Ball
2-1: Ball
3-1: Foul Ball, location: 2F
3-2: Base on Balls
Batting: RHB Bo Vickers 0-0: Ball
1-0: Ball
2-0: Ball
3-0: Base on Balls
John Brown to second
Batting: LHB Ernesto López 0-0: Ball
1-0: SINGLE (Line Drive, 56)
John Brown to third
Bo Vickers to second
Batting: RHB Evan Robinson 0-0: Foul Ball, location: 2F
0-1: Foul Ball, location: 2F
0-2: Foul Ball, location: 2F
0-2: Ball
1-2: Ball
2-2: Strikes out looking
Batting: LHB Mark Everett 0-0: Ball
1-0: Fly out, F8 (Flyball, 8RD)
Bottom of the 3rd over - 0 run(s), 1 hit(s), 0 error(s), 3 left on base; Houston 5 - Mile High 0
TOP OF THE 4TH
Houston Hammertime batting - Pitching for Mile High Broncos : RHP Denny Green
Batting: RHB David Hernández 0-0: Ball
1-0: Ground out 1-3 (Groundball, 13)
Batting: RHB Victor Andrews 0-0: Ball
1-0: Ball
2-0: Called Strike
2-1: Called Strike
2-2: Foul Ball, location: 2F
2-2: Foul Ball, location: 2F
2-2: Ball
3-2: Foul Ball, location: 2F
3-2: Base on Balls
Batting: SHB Carlos Córdova 0-0: Ball
1-0: Foul Ball, location: 2F
1-1: SINGLE (Groundball, 4D)
Victor Andrews to second
Runner from 2nd tries for 3rd, SAFE, throw made to third
Carlos Córdova to second
Batting: LHB Leonardo Medina 0-0: Called Strike
0-1: Ball
1-1: Fly out, F8 (Flyball, 8RM)
Runner from 3rd tags up, SCORES, throw made
Batting: RHB José García 0-0: Ball
1-0: Foul Ball, location: 2F
1-1: Fly out, F9 (Flyball, 89M)
Top of the 4th over - 1 run(s), 1 hit(s), 0 error(s), 1 left on base; Houston 6 - Mile High 0
BOTTOM OF THE 4TH
Mile High Broncos batting - Pitching for Houston Hammertime : RHP Máximo Marín
Batting: LHB Dave Cook 0-0: Ball
1-0: Ball
2-0: SOLO HOME RUN (Line Drive, 9D), Distance : 390 ft
Batting: RHB Jeff Packard 0-0: Fly out, F9 (Flyball, 9LMF)
Batting: SHB Paco Martínez 0-0: Ball
1-0: Swinging Strike
1-1: Swinging Strike
1-2: Foul Ball, location: 2F
1-2: Foul Ball, location: 2F
1-2: Foul Ball, location: 2F
1-2: Ball
2-2: Foul Ball, location: 2F
2-2: Strikes out swinging
Batting: LHB Jesús González 0-0: Ball
1-0: Ball
2-0: Ball
3-0: Base on Balls
Batting: RHB John Brown 0-0: Foul Ball, location: 2F
0-1: Ball
1-1: Foul Ball, location: 2F
1-2: Ball
2-2: Ball
3-2: Base on Balls
Jesús González to second
Batting: RHB Bo Vickers 0-0: Ball
1-0: Ball
2-0: Ball
3-0: Called Strike
3-1: Foul Ball, location: 2F
3-2: Ground out 3-1 (Groundball, 23)
Bottom of the 4th over - 1 run(s), 1 hit(s), 0 error(s), 2 left on base; Houston 6 - Mile High 1
TOP OF THE 5TH
Houston Hammertime batting - Pitching for Mile High Broncos : RHP Denny Green
Batting: RHB John Major 0-0: Ball
1-0: Called Strike
1-1: Swinging Strike
1-2: Foul Ball, location: 2F
1-2: Fly out, F4 (Popup, 34D)
Batting: LHB Pat Jones 0-0: Called Strike
0-1: Ball
1-1: SINGLE (Flyball, 8LS)
Batting: LHB António Camacho 0-0: Called Strike
0-1: Ball
1-1: Foul Ball, location: 2F
1-2: Foul Ball, location: 2F
1-2: Ball
2-2: SINGLE (Line Drive, 9)
Pat Jones to second
Batting: RHB Pedro Meza 0-0: Ball
1-0: Called Strike
1-1: Swinging Strike
1-2: Ball
2-2: Foul Ball, location: 2F
2-2: Ball
3-2: Foul Ball, location: 2F
3-2: Base on Balls
Pat Jones to third
António Camacho to second
Batting: RHB David Hernández 0-0: Fly out, F7 (Flyball, 7LM)
Runner from 3rd tags up, SCORES, throw made
Batting: RHB Victor Andrews 0-0: Ball
1-0: Ball
2-0: Ball
3-0: Base on Balls
António Camacho to third
Pedro Meza to second
Batting: SHB Carlos Córdova 0-0: Foul Ball, location: 2F
0-1: Ball
1-1: Foul Ball, location: 2F
1-2: Ball
2-2: Foul Ball, location: 2F
2-2: Ball
3-2: SINGLE (Groundball, 4MD)
António Camacho scores
Pedro Meza to third
Victor Andrews to second
Pedro Meza scores
Victor Andrews to third
Batting: LHB Leonardo Medina 0-0: Ball
1-0: Ground out 4-3 (Groundball, 4MD)
Top of the 5th over - 3 run(s), 3 hit(s), 0 error(s), 2 left on base; Houston 9 - Mile High 1
BOTTOM OF THE 5TH
Mile High Broncos batting - Pitching for Houston Hammertime : RHP Máximo Marín
Batting: LHB Ernesto López 0-0: Called Strike
0-1: Fly out, F7 (Flyball, 7S)
Batting: RHB Evan Robinson 0-0: SINGLE (Groundball, 56S) (infield hit)
Batting: LHB Mark Everett 0-0: Foul Ball, location: 2F
0-1: Ball
1-1: Ball
2-1: Called Strike
2-2: Grounds into double play, 4-6-3 (Groundball, 4)
Bottom of the 5th over - 0 run(s), 1 hit(s), 0 error(s), 0 left on base; Houston 9 - Mile High 1
TOP OF THE 6TH
Houston Hammertime batting - Pitching for Mile High Broncos : RHP Denny Green
Batting: RHB José García 0-0: Called Strike
0-1: Ball
1-1: Foul Ball, location: 2F
1-2: Foul Ball, location: 2F
1-2: Foul Ball, location: 2F
1-2: Ball
2-2: SINGLE (Line Drive, 3)
Batting: RHB John Major 0-0: Fly out, F9 (Flyball, 89M)
Batting: LHB Pat Jones 0-0: Called Strike
0-1: Ball
1-1: Fly out, F7 (Flyball, 7LD)
Batting: LHB António Camacho 0-0: Swinging Strike
0-1: Ball
1-1: SINGLE (Groundball, 56D)
José García to second
Batting: RHB Pedro Meza 0-0: Ball
1-0: Ball
2-0: Ball
3-0: Called Strike
3-1: Swinging Strike
3-2: Ground out 5-3 (Groundball, 56)
Top of the 6th over - 0 run(s), 2 hit(s), 0 error(s), 2 left on base; Houston 9 - Mile High 1
BOTTOM OF THE 6TH
Mile High Broncos batting - Pitching for Houston Hammertime : RHP Máximo Marín
Batting: LHB Dave Cook 0-0: Ball
1-0: Ball
2-0: Ball
3-0: Called Strike
3-1: Base on Balls
Pitching: RHP António Sánchez
Batting: RHB Jeff Packard 0-0: Swinging Strike
0-1: Foul Ball, location: 2F
0-2: Strikes out looking
Batting: SHB Paco Martínez 0-0: Foul Ball, location: 2F
0-1: Ball
1-1: Ball
2-1: Ball
3-1: DOUBLE (Line Drive, 9LM)
Dave Cook to third
Batting: LHB Jesús González 0-0: Called Strike
0-1: Foul Ball, location: 2F
0-2: Ball
1-2: Ball
2-2: SINGLE (Groundball, 4MD)
Dave Cook scores
Paco Martínez to third
Batting: RHB John Brown 0-0: Called Strike
0-1: Ball
1-1: DOUBLE (Flyball, 89D)
Paco Martínez scores
Jesús González to third
Batting: RHB Bo Vickers 0-0: SINGLE (Line Drive, 4D)
Jesús González scores
John Brown to third
Batting: LHB Ernesto López 0-0: Ball
1-0: Ball
2-0: DOUBLE (Groundball, 3L)
John Brown scores
Bo Vickers to third
Pitching: RHP José Ortíz
Batting: RHB Evan Robinson 0-0: Ball
1-0: Foul Ball, location: 2F
1-1: Ball
2-1: Ground out 5-3 (Groundball, 56)
Bo Vickers scores
Batting: LHB Mark Everett 0-0: Called Strike
0-1: Ball
1-1: Foul Ball, location: 2F
1-2: Ball
2-2: Foul Ball, location: 2F
2-2: Foul Ball, location: 2F
2-2: Ball
3-2: Fly out, F9 (Flyball, 9LD)
Bottom of the 6th over - 5 run(s), 5 hit(s), 0 error(s), 1 left on base; Houston 9 - Mile High 6
TOP OF THE 7TH
Houston Hammertime batting - Pitching for Mile High Broncos : RHP Denny Green
Pitching: LHP Jorge García
Batting: RHB David Hernández 0-0: Ball
1-0: Ground out 5-3 (Groundball, 56)
Batting: RHB Victor Andrews 0-0: Ball
1-0: Fly out, F7 (Flyball, 7)
Batting: SHB Carlos Córdova 0-0: Swinging Strike
0-1: Swinging Strike
0-2: Foul Ball, location: 2F
0-2: Foul Ball, location: 2F
0-2: Foul Ball, location: 2F
0-2: Foul Ball, location: 2F
0-2: Foul Ball, location: 2F
0-2: Hit by Pitch
Pitching: LHP Domingo Morales
Batting: LHB Leonardo Medina 0-0: Called Strike
0-1: Ball
1-1: Ball
Carlos Córdova is caught stealing 2nd base
Top of the 7th over - 0 run(s), 0 hit(s), 0 error(s), 0 left on base; Houston 9 - Mile High 6
BOTTOM OF THE 7TH
Mile High Broncos batting - Pitching for Houston Hammertime : RHP José Ortíz
Batting: LHB Dave Cook 0-0: Ball
1-0: Ball
2-0: Ball
3-0: Called Strike
3-1: Swinging Strike
3-2: Foul Ball, location: 2F
3-2: Base on Balls
Batting: RHB Jeff Packard 0-0: Ball
1-0: Ball
2-0: Foul Ball, location: 2F
2-1: Foul Ball, location: 2F
2-2: Strikes out looking
Batting: SHB Paco Martínez 0-0: Foul Ball, location: 2F
0-1: Ball
1-1: Called Strike
1-2: Ball
2-2: Ball
3-2: Strikes out looking
Batting: LHB Jesús González 0-0: Ball
1-0: Ball
2-0: Ball
3-0: Base on Balls
Dave Cook to second
Batting: RHB John Brown 0-0: Foul Ball, location: 2F
0-1: Fielders Choice at 2nd, 6-4 (Groundball, 6)
Bottom of the 7th over - 0 run(s), 0 hit(s), 0 error(s), 1 left on base; Houston 9 - Mile High 6
TOP OF THE 8TH
Houston Hammertime batting - Pitching for Mile High Broncos : LHP Domingo Morales
Batting: LHB Leonardo Medina 0-0: Ball
1-0: Called Strike
1-1: Ball
2-1: Ball
3-1: Base on Balls
Pitching: RHP David Bailey
Batting: RHB José García 0-0: Called Strike
0-1: Ball
1-1: Ball
2-1: Foul Ball, location: 2F
2-2: Ball
3-2: Base on Balls
Leonardo Medina to second
Batting: RHB John Major 0-0: Ball
1-0: DOUBLE (Line Drive, 8RXD)
Leonardo Medina scores
José García to third
Runner from 3rd tries for Home, SAFE, no throw
Batting: LHB Pat Jones 0-0: Ball
1-0: Called Strike
1-1: Ground out 6-3 (Groundball, 6)
Batting: LHB António Camacho 0-0: Ball
1-0: Foul Ball, location: 2F
1-1: Ball
2-1: Ball
3-1: Base on Balls
Batting: RHB Pedro Meza 0-0: Ball
1-0: Ball
2-0: Swinging Strike
2-1: Swinging Strike
2-2: Ball
3-2: Strikes out swinging
Batting: RHB David Hernández 0-0: Ball
1-0: Ground out 5-3 (Groundball, 5S)
Top of the 8th over - 2 run(s), 1 hit(s), 0 error(s), 2 left on base; Houston 11 - Mile High 6
BOTTOM OF THE 8TH
Mile High Broncos batting - Pitching for Houston Hammertime : RHP José Ortíz
Batting: RHB Bo Vickers 0-0: Foul Ball, location: 2F
0-1: Ball
1-1: Swinging Strike
1-2: Foul Ball, location: 2F
1-2: Strikes out swinging
Batting: LHB Ernesto López 0-0: Ball
1-0: Ball
2-0: Ball
3-0: Base on Balls
Batting: RHB Evan Robinson 0-0: Called Strike
0-1: Ball
1-1: Ball
2-1: Foul Ball, location: 2F
2-2: SINGLE (Line Drive, 6D)
Ernesto López to second
Pitching: RHP António Galindo
Batting: LHB Mark Everett 0-0: Ball
1-0: Foul Ball, location: 2F
1-1: Swinging Strike
1-2: Fly out, F8 (Line Drive, 78XD)
Runner from 2nd tags up, SAFE at 3rd, no throw
Batting: LHB Dave Cook 0-0: Ball
1-0: Foul Ball, location: 2F
1-1: Ball
2-1: Ball
3-1: Base on Balls
Evan Robinson to second
Batting: RHB Jeff Packard 0-0: Called Strike
0-1: Ball
1-1: Ball
2-1: Ball
3-1: Called Strike
3-2: SINGLE (Line Drive, 78S)
Ernesto López scores
Evan Robinson to third
Dave Cook to second
Evan Robinson scores
Dave Cook to third
Batting: SHB Paco Martínez 0-0: Foul Ball, location: 2F
0-1: TRIPLE (Line Drive, 78M)
Dave Cook scores
Jeff Packard scores
Batting: LHB Jesús González 0-0: Ball
1-0: Called Strike
1-1: Foul Ball, location: 2F
1-2: Ball
2-2: Foul Ball, location: 2F
2-2: Foul Ball, location: 2F
2-2: Strikes out swinging
Bottom of the 8th over - 4 run(s), 3 hit(s), 0 error(s), 1 left on base; Houston 11 - Mile High 10
TOP OF THE 9TH
Houston Hammertime batting - Pitching for Mile High Broncos : RHP David Bailey
Batting: RHB Victor Andrews 0-0: Called Strike
0-1: Foul Ball, location: 2F
0-2: Ground out 3-1 (Groundball, 34)
Batting: SHB Carlos Córdova 0-0: Ball
1-0: Foul Ball, location: 2F
1-1: Ball
2-1: Foul Ball, location: 2F
2-2: Ball
3-2: Foul Ball, location: 2F
3-2: SINGLE (Line Drive, 4M)
Batting: LHB Leonardo Medina 0-0: Ball
Carlos Córdova is caught stealing 2nd base
1-0: Swinging Strike
1-1: Ground out 4-3 (Groundball, 34)
Top of the 9th over - 0 run(s), 1 hit(s), 0 error(s), 0 left on base; Houston 11 - Mile High 10
BOTTOM OF THE 9TH
Mile High Broncos batting - Pitching for Houston Hammertime : RHP António Galindo
Pitching: RHP Brandon Williams
Pinch Hitting: LHB Tony Báez 0-0: Ball
1-0: Called Strike
1-1: Foul Ball, location: 2F
1-2: Strikes out looking
Pinch Hitting: RHB António Martínez 0-0: Called Strike
0-1: Called Strike
0-2: Ball
1-2: Ball
2-2: Strikes out looking
Batting: LHB Ernesto López 0-0: Fly out, F8 (Flyball, 8LS)
Bottom of the 9th over - 0 run(s), 0 hit(s), 0 error(s), 0 left on base; Houston 11 - Mile High 10
Tuesday, August 8th, 2017 - OOTP Baseball 17.12 Build 75